[Event "FIDE Candidates Tournament 2022"]
[Site "Madrid"]
[Date "2022.06.29"]
[Round "10.1"]
[White "Rapport, Richard"]
[Black "Ding, Liren"]
[Result "0-1"]
[ECO "C77"]
[WhiteElo "2776"]
[BlackElo "2806"]
[Annotator "TA"]
[PlyCount "110"]
[EventDate "2022.06.17"]
[EventType "tourn"]
[EventCountry "ESP"]
[SourceTitle "playchess.com"]
[Source "ChessBase"]
[SourceQuality "1"]
[TimeControl "40/7200:20/3600:900+30"]

1. e4 e5 2. Nf3 Nc6 3. Bb5 a6 4. Ba4 Nf6 5. d3 b5 6. Bb3 Bc5 7. Bg5 h6 {[%emt 0:01:02] C77: Ruy Lopez: 3...a6 4 Ba4 Nf6, unusual lines.} 8. Bh4 d6 {[%emt 0:01:08] 8...Be7 is setting a new trend.} 9. c3 Ba7 $5 {[%emt 0:02:52][%mdl 4] The position is equal. Leaves trodden paths.} 10. O-O Na5 11. Bc2 {[%emt 0:01:17] [#]} c5 $146 ({Predecessor:} 11... g5 12. Bg3 Nh5 13. a4 Nxg3 14. hxg3 Nc6 15. axb5 axb5 16. Na3 Ba6 17. Bb3 Ne7 {1-0 (29) Caruana,F (2800)-Burke,J (2554) Saint Louis 2021}) 12. Nbd2 g5 13. Bg3 Nh5 14. a3 Rb8 15. Kh1 Rb7 16. b4 Nc6 17. Bb3 Rc7 18. Bd5 g4 19. Bh4 Ne7 20. Ng1 cxb4 21. axb4 Rxc3 22. Ne2 Rc7 (22... Rxd3 $2 23. Bc6+ (23. Qc2 Rxd5 24. exd5 O-O $11) 23... Bd7 24. Bxd7+ (24. Rxa6 f6 $16) 24... Qxd7 25. Qc2 $18 (25. Rxa6 Qb7 $16)) 23. f4 f6 24. fxe5 dxe5 (24... Nxd5 25. exd5 dxe5 26. Ne4 $14) 25. Ng3 $1 Nxg3+ (25... Nxd5 $2 26. Nxh5 Nf4 27. Nxf6+ Kf7 28. g3 Qxd3 29. Nxg4 $18) 26. hxg3 Rf8 (26... Nxd5 $2 27. exd5 O-O 28. Ne4 $18) 27. Rxf6 (27. Rc1 $1 $11) 27... Rxf6 $17 28. Bxf6 Qd6 29. Qf1 (29. Bxe7 Qxe7 30. Qe2 Bd4 $19) 29... Bd4 (29... Nxd5 $6 30. exd5 Qxd5 31. Ne4 $11) 30. Bf7+ Kd7 ({Black should try} 30... Kd8 $1 $17 31. Rd1 Be6) 31. Rd1 $11 Rc2 32. Bb3 $36 {[%emt 0:01:51][%mdl 2048] White is pushing.} Rc7 33. Nc4 bxc4 $15 34. dxc4 Rc6 (34... Qxb4 $2 35. Bxe5 Kc6 36. Rxd4 $18 (36. Qf6+ Kb7 $16)) 35. Ba4 Kc7 (35... Qxb4 $6 36. Bxc6+ Nxc6 37. Bxe5 Nxe5 38. Rxd4+ Ke7 39. Rd5 $11) 36. Bxc6 Nxc6 37. b5 {[%emt 0:00:10] Black must now prevent c5.} Nb4 (37... Na5 $15) 38. c5 $11 Qe6 {[%emt 0:00:02] Threatens to win with ...Nc2.} (38... Qxc5 $2 39. Rc1 Nc2 40. Qd3 $18) 39. Bh4 $1 (39. b6+ $2 Kb7 40. Bd8 (40. Rc1 $2 Qf7 $19) 40... Qe8 $19) 39... Bxc5 40. Rc1 Qd6 41. Qc4 Nd3 42. Rc3 (42. Be7 $1 $11 {was the only way to keep the balance.} Qxe7 43. Qxd3) 42... axb5 $17 43. Qxd3 Qxd3 {[%emt 0:00:14] Chess con chili.} 44. Rxd3 {[%emt 0:00:02][%mdl 4096] Endgame And now Rc3 would win. KRB-KB} Bd4 {[%emt 0:00:17] Against Rc3+} 45. Bf6 (45. Rb3 $17 Bd7 46. Be7) 45... Kb6 $1 $19 {[%emt 0:06:52] Strongly threatening ...b4.} 46. Rxd4 (46. Be7 $19) 46... exd4 47. Bxd4+ {[%emt 0:00:12] KB-KB} Ka5 $1 48. Kg1 b4 49. Kf2 {[%emt 0:00:20] [#]} Ka4 $1 50. Ke3 {[%emt 0:03:41] [#]} Kb3 $1 {[%emt 0:00:03] ( -> ...Kc2)} 51. Kf4 $2 {[%emt 0:12:20][%mdl 8192] Loses the game.} (51. Kd2 $15) 51... Kc2 {[%emt 0:00:08] Black mates.} 52. Ke5 b3 53. Kd6 Kd3 54. Ba1 Kxe4 ({Stronger than} 54... Kc2 55. e5 $11) 55. Kc5 Kd3 {[%emt 0:00:13] Weighted Error Value: White=0.39/Black=0.05 (flawless)} 0-1

[Event "FIDE Candidates Tournament 2022"]
[Site "Madrid"]
[Date "2022.06.29"]
[Round "10.2"]
[White "Duda, Jan-Krzysztof"]
[Black "Caruana, Fabiano"]
[Result "1-0"]
[ECO "C54"]
[WhiteElo "2750"]
[BlackElo "2786"]
[Annotator "TA"]
[PlyCount "113"]
[EventDate "2022.06.17"]
[EventType "tourn"]
[EventCountry "ESP"]
[SourceTitle "playchess.com"]
[Source "ChessBase"]
[SourceQuality "1"]
[TimeControl "40/7200:20/3600:900+30"]

1. e4 e5 2. Nf3 Nc6 3. Bc4 Bc5 4. c3 Nf6 5. d3 d6 6. O-O a6 7. a4 {[%emt 0:00:08] C54: Giuoco Piano: 4 c3 Nf6, main lines with 5 d4 and 5 d3.} Ba7 8. Re1 O-O {[%emt 0:00:52][%cal Ob7b5] The main line 8...0-0 scores better than 8...h6.} 9. h3 {[%emt 0:00:19] The position is equal.} Be6 10. Bxe6 fxe6 11. b4 Nh5 {[%emt 0:01:01] [#]} 12. Nbd2 $5 $146 {[%emt 0:05:36][%mdl 8] An interesting novelty.} ({Predecessor:} 12. Ra2 Qe8 13. Be3 Nf4 14. Bxa7 Rxa7 15. Kh2 b5 16. g3 Nh5 17. Kg2 Qg6 18. Re3 bxa4 {0-1 (48) Jones,G (2672)-Van Foreest,J (2714) chess24.com INT 2022}) 12... Nf4 13. Nf1 Qf6 {[%emt 0:10:19][%cal Of4h3] Hoping for ...Nxh3+!} 14. Bxf4 Qxf4 15. Qb3 Rf6 16. b5 Na5 17. Qa2 g5 (17... Raf8 $11) 18. N1h2 $1 $14 Rg6 19. d4 $1 h5 20. g3 Qf6 21. Rad1 Rg7 22. Kh1 {[%emt 0:03:08] aiming for dxe5.} Rf8 (22... g4 $1 $11 23. dxe5 dxe5 24. hxg4 hxg4) 23. dxe5 $16 dxe5 (23... Qe7 $142 24. Rf1 Bc5) 24. h4 $1 $18 gxh4 25. gxh4 Bc5 26. Rg1 Bd6 27. Ng5 Kh8 28. Qe2 Qg6 29. Rd3 (29. bxa6 bxa6 30. Qxa6 Nb3 $18) 29... axb5 30. Rdg3 Qe8 (30... bxa4 $2 31. Nxe6 $1 $18 ) 31. axb5 Rf6 32. Qf1 $2 (32. Qd3 $18) 32... b6 ({Better is} 32... Nb3 $1 $14) 33. Qg2 (33. Qd3 $16) 33... Qf8 (33... Qxb5 34. Nxe6 $1 ) (33... Qg8 $1 $14) 34. Qh3 $16 Qg8 35. R1g2 Nb7 {[%emt 0:00:22] [#]} (35... Be7 $142) 36. Nh7 $1 $36 {[%emt 0:00:20][%mdl 2560] White is really pushing. Pair of Knights!} Rfg6 (36... Qxh7 $2 37. Rxg7 Qxg7 38. Rxg7 Kxg7 39. Qg3+ Rg6 40. Qf3 $18) 37. Rxg6 (37. Nf6 $6 Rxg3 38. Rxg3 Qf7 39. Rxg7 Kxg7 40. Qg2+ Kf8 $11) 37... Rxg6 {[%emt 0:00:02] [#]} 38. Ng5 $1 {[%emt 0:00:24][%cal Bh7g5,Bg5f3,Bf3e5,Be5d3][%mdl 32] White is more active.} ({Much weaker is} 38. Nf6 $6 Qf7 39. Rxg6 Qxg6 40. Qxe6 Kg7 41. Ne8+ Kh6 $11) 38... Rf6 {[%emt 0:00:16] Against Qf3} 39. f4 {[%emt 0:01:29] Threatens to win with fxe5.} Nc5 $2 {[%emt 0:00:24][%mdl 8192] [#] A mistake that costs the game.} (39... exf4 $2 40. e5 Bxe5 41. Qf3 $18) (39... Qe8 $16) 40. fxe5 $1 $18 Bxe5 41. Ngf3 Qa8 42. Nxe5 Nxe4 {[%emt 0:01:54] ( -> ...Nf2+)} 43. Nhf3 Qa1+ 44. Kh2 Qc1 45. Nd3 {[%emt 0:13:31] Inhibits Qf4+.} Qxc3 {[%emt 0:05:41] [#]} 46. Ra2 $1 Nf2 (46... Qxd3 $2 47. Ra8+ Kg7 48. Qg2+ Ng5 49. Qxg5+ Qg6 50. Nd4 $18) (46... Rf5 47. Ra8+) 47. Rxf2 {[%emt 0:03:57][%cal Of2g2] White is clearly winning.} ({Not} 47. Ra8+ Kg7 48. Nxf2 Qxf3 49. Qg3+ Qxg3+ 50. Kxg3 Rf5 $16) 47... Qxd3 48. Qg3 {[%emt 0:00:07][%cal Of2g2] White threatens Rg2! and mate.} Qd6 49. Qxd6 cxd6 {[%emt 0:00:04][%mdl 4096] Endgame KRN-KR} 50. Kg3 Rf5 51. Rd2 Rxb5 52. Rxd6 Kg7 53. Rxe6 Rb4 54. Re5 Kh6 55. Rd5 Rb1 56. Nd4 Rg1+ 57. Kf4 {[%emt 0:00:06] Weighted Error Value: White=0.21 (precise) /Black=0.49} 1-0

[Event "FIDE Candidates Tournament 2022"]
[Site "Madrid"]
[Date "2022.06.29"]
[Round "10.3"]
[White "Nepomniachtchi, Ian"]
[Black "Radjabov, Teimour"]
[Result "1/2-1/2"]
[ECO "E05"]
[WhiteElo "2773"]
[BlackElo "2753"]
[Annotator "TA"]
[PlyCount "74"]
[EventDate "2022.06.17"]
[EventType "tourn"]
[EventCountry "ESP"]
[SourceTitle "playchess.com"]
[Source "ChessBase"]
[SourceQuality "1"]
[TimeControl "40/7200:20/3600:900+30"]

1. d4 Nf6 2. c4 e6 3. Nf3 d5 4. g3 Be7 5. Bg2 O-O 6. O-O dxc4 7. Qc2 b5 8. a4 {[%emt 0:00:17] E05: Open Catalan: 5 Nf3 Be7.} Bb7 9. axb5 a6 10. Nc3 {[%emt 0:00:16] Inhibits Be4. White has an edge.} axb5 11. Rxa8 Bxa8 12. Nxb5 Bd5 13. Bf4 c5 14. dxc5 Qa5 15. Nc3 Qxc5 {[%emt 0:00:35] [#]} 16. Be3 $146 ({Predecessor:} 16. e4 Bc6 17. Be3 Qa5 18. Nd4 Rc8 19. h3 Be8 20. f4 Na6 21. e5 Nb4 22. Qd2 {0-1 (40) Dubov,D (2702)-Nakamura,H (2766) Chess.com INT 2022}) 16... Qa5 17. Bd2 Ba8 18. Nd1 Qc5 (18... Qa6 $11) 19. Ne3 $14 Rc8 20. Rc1 Bd5 21. Nxd5 Nxd5 22. Ne5 Nb6 $1 23. Qe4 {[%emt 0:02:23] Be3 is the strong threat.} Bf6 {[%emt 0:07:56] [#]} (23... Bd6 $14 24. Nf3 N8d7) 24. Bc3 {[%emt 0:04:06] 0x0.00207c4ebf22dp-1022s more active pieces.} (24. Nxc4 $1 $16 Nxc4 25. b3) 24... N8d7 {[%emt 0:06:56] The position is equal.} 25. Bd4 {[%emt 0:08:52] This bishop pair is nice.} Qd6 26. Nxd7 Bxd4 27. Nxb6 Qxb6 28. e3 $1 Bxb2 (28... Qxb2 $2 29. Rb1 Qa2 30. exd4 $18) 29. Rxc4 Qa6 30. Rxc8+ Qxc8 31. Qb7 Qxb7 32. Bxb7 $11 {[%emt 0:00:04][%mdl 4096] Endgame KB-KB} g6 33. Kg2 Kg7 34. Ba8 Ba1 35. Bb7 Bb2 36. Ba8 Ba1 37. Bb7 Bb2 {[%emt 0:36:40] Weighted Error Value: White=0.08 (flawless) /Black=0.07 (flawless)} 1/2-1/2

[Event "FIDE Candidates Tournament 2022"]
[Site "Madrid"]
[Date "2022.06.29"]
[Round "10.4"]
[White "Nakamura, Hikaru"]
[Black "Firouzja, Alireza"]
[Result "1-0"]
[ECO "B90"]
[WhiteElo "2760"]
[BlackElo "2804"]
[Annotator "TA"]
[PlyCount "63"]
[EventDate "2022.06.17"]
[EventType "tourn"]
[EventCountry "ESP"]
[SourceTitle "playchess.com"]
[Source "ChessBase"]
[SourceQuality "1"]
[TimeControl "40/7200:20/3600:900+30"]

1. e4 c5 2. Nf3 d6 3. d4 cxd4 4. Nxd4 Nf6 5. Nc3 a6 6. Be3 e5 7. Nf3 Nc6 {[%emt 0:09:25] B90: Sicilian Najdorf: Unusual White 6th moves, 6 Be3 Ng4 and 6 Be3 e5.} 8. Bc4 {[%emt 0:11:06] Hoping for Ng5.} Be6 9. Nd5 {[%emt 0:08:10] Black must now prevent Bb6.} Rc8 {[%emt 0:16:32] The position is equal.} (9... Nxe4 $2 10. Bb6 Bxd5 11. Bxd8 Bxc4 12. Bb6 $16) 10. Nxf6+ {[%emt 0:30:52] [#]} gxf6 $146 ({Predecessor:} 10... Qxf6 11. Bxe6 fxe6 12. O-O Qg6 13. Nd2 Be7 14. c4 O-O 15. Rc1 Rc7 16. f3 Bg5 17. Bxg5 Qxg5 {½-½ (39) Adams,M (2723)-Bologan,V (2732) Konya 2012}) 11. Bb3 Ne7 12. O-O Bxb3 13. axb3 d5 {[%emt 0:00:36] Against c4} 14. exd5 Qxd5 15. Qe2 Nf5 16. Rfd1 Qc6 (16... Qe6 $11) 17. c4 Bg7 18. Rd5 {[%emt 0:01:04] White is more active.} O-O 19. Rad1 Rfe8 20. h3 b5 21. c5 (21. cxb5 $6 axb5 22. Qxb5 Nxe3 23. Qxc6 (23. fxe3 Bh6 $11) 23... Rxc6 $14) ({White should try} 21. Bc5 $1 $16) 21... Bf8 ({Much less strong is} 21... Nd4 22. Nxd4 $1 exd4 23. R5xd4 $16 (23. R1xd4 f5 $16)) (21... a5 $1 $11 {keeps the balance.}) 22. b4 $16 Nd4 {[%emt 0:01:00] [#]} (22... Qa8 $16 {is a better defense.}) 23. Nxd4 $1 $18 Qxd5 24. Nf5 Qe4 25. Qh5 {[%emt 0:00:28][%mdl 1024] aiming for Rd7. White has strong compensation.} Red8 {[%emt 0:00:30] Against Rd7} (25... Rcd8 $16 {was necessary.} 26. Ra1 Qc6) 26. Ra1 {[%emt 0:03:33] Really sharp!} Rc6 (26... Qxb4 $2 27. Rxa6 Rd7 28. Rxf6 $18) (26... Ra8 {might work better.} 27. Bh6 Kh8) 27. Bh6 Kh8 {[%emt 0:04:13] [#]} (27... Qxb4 28. Bxf8 Qf4 29. Nh6+ Kh8 30. Nxf7+ Kg8 31. Nxd8 Qg5 32. Qf7+ Kh8 33. Ra3) 28. Ra3 $1 {[%emt 0:00:26] Bxf8 is the strong threat.} Qxb4 29. Bxf8 {[%emt 0:01:39] White mates.} Rxf8 30. Qh6 Rg8 31. Rg3 Rxg3 32. fxg3 {[%emt 0:00:04] Weighted Error Value: White=0.11 (very precise) /Black=0.76} 1-0